 Dungeon Crawl Stone Soup version 0.26.1-11-gd32895ea62 (webtiles) character file.

Game seed: 10575532361913106426

2606 jlumianski the Magician (level 9, -8/68 (71) HPs)
             Began as a Gnoll Warper on Apr 30, 2021.
             Was a Follower of Okawaru.
             Splashed by Maurice's acid (10 damage)
             ... on level 7 of the Dungeon.
             The game lasted 00:50:11 (9003 turns).

jlumianski the Magician (Gnoll Warper)              Turns: 9003, Time: 00:50:12

HP:   -8/68 (71)    AC:  4    Str: 14    XL:     9   Next: 59%
MP:   18/19         EV: 19    Int: 18    God:    Okawaru [*.....]
Gold: 0             SH:  0    Dex: 15    Spells: 11/21 levels left

rFire    . . .     SeeInvis .   C - +0 battleaxe
rCold    . . .     Faith    .   (shield currently unavailable)
rNeg     . . .     Spirit   .   b - +1 leather armour
rPois    .         Reflect  .   (no helmet)
rElec    .         Harm     .   (no cloak)
rCorr    .         Rampage  .   M - +2 pair of gloves
Will     .....                  (no boots)
Stlth    ++++......             k - amulet of the acrobat
HPRegen  0.21/turn              (no ring)
MPRegen  0.16/turn              (no ring)

@: heroism, corroded, lightly drained
A: distributed training, fangs 1, strong nose
a: Renounce Religion, Heroism


You were on level 7 of the Dungeon.
You worshipped Okawaru.
Okawaru was aware of your devotion.
You visited 1 branch of the dungeon, and saw 8 of its levels.
You also visited: Ossuary.

You collected 390 gold pieces.
You spent 390 gold pieces at shops.

Inventory:

Hand Weapons
 a - a +0 hand axe
 i - a +0 dagger of speed
 C - a +0 battleaxe (weapon)
 D - a +2 vampiric dagger
 Q - a +5 scimitar
Missiles
 c - 246 stones
 e - 5 boomerangs of dispersal
 s - 3 boomerangs
 B - 19 poisoned darts (quivered)
Armour
 b - a +1 leather armour (worn)
 l - a +0 ring mail
 n - a cursed +0 ring mail
 I - a +2 pair of gloves
 M - a +2 pair of gloves (worn)
Magical Staves
 r - an uncursed staff of air
Jewellery
 k - an amulet of the acrobat (around neck)
 P - a +6 ring of strength
Wands
 E - a wand of random effects (17)
 O - a wand of polymorph (13)
Scrolls
 d - 2 scrolls of blinking
 h - a scroll of immolation {unknown}
 j - 4 scrolls of remove curse
 o - a scroll of amnesia
 p - a scroll of noise {unknown}
 t - 2 scrolls of teleportation {unknown}
 x - 3 scrolls of enchant weapon {unknown}
 y - 5 scrolls of identify
 H - a scroll of fog {unknown}
 J - a scroll of enchant armour
Potions
 f - 2 potions of attraction
 g - a potion of curing
 m - a potion of invisibility {unknown}
 q - 3 potions of haste
 u - a potion of might {unknown}
 v - a potion of berserk rage {unknown}
 w - a potion of ambrosia {unknown}
 z - 2 potions of flight {unknown}
 A - a potion of lignification {unknown}
 F - a potion of cancellation {unknown}
 G - a potion of degeneration {unknown}
 K - a potion of heal wounds {unknown}
 L - 3 potions of brilliance {unknown}


   Skills:
 + Level 6.4(11.4) Fighting
 + Level 4.4(9.4) Short Blades
 + Level 4.4(9.4) Long Blades
 + Level 6.4(11.4) Axes
 + Level 4.4(9.4) Maces & Flails
 + Level 4.4(9.4) Polearms
 + Level 4.4(9.4) Staves
 + Level 4.4(9.4) Slings
 + Level 4.4(9.4) Bows
 + Level 4.4(9.4) Crossbows
 + Level 5.2(10.2) Throwing
 + Level 5.2(10.2) Armour
 + Level 6.4(11.4) Dodging
 + Level 4.4(9.4) Stealth
 + Level 4.4(9.4) Shields
 + Level 4.4(9.4) Unarmed Combat
 + Level 6.7 Spellcasting
 + Level 3.6 Conjurations
 + Level 3.6 Hexes
 + Level 3.6 Summonings
 + Level 3.6 Necromancy
 + Level 6.6 Translocations
 + Level 3.6 Transmutations
 + Level 3.6 Fire Magic
 + Level 3.6 Ice Magic
 + Level 3.6 Air Magic
 + Level 3.6 Earth Magic
 + Level 3.6 Poison Magic
 + Level 4.8 Invocations
 + Level 4.4 Evocations


You had 11 spell levels left.
You knew the following spells:

 Your Spells              Type           Power        Failure   Level
a - Blink                 Tloc           N/A          1%          2
b - Gell's Gravitas       Tloc           15%          2%          3
c - Corona                Hex            21%          3%          1
d - Ensorcelled Hibernat  Hex/Ice        38%          4%          2
e - Wereblood             Tmut           19%          4%          2

Your spell library contained the following spells:

 Spells                   Type           Power        Failure   Level
 Lesser Beckoning         Tloc           15%          2%          3
 Teleport Other           Tloc           30%          2%          3
 Beastly Appendage        Tmut           38%          3%          1
 Summon Small Mammal      Summ           76%          3%          1
 Call Imp                 Summ           19%          4%          2
 Call Canine Familiar     Summ           19%          9%          3
 Confusing Touch          Hex            19%          9%          3
 Dazzling Flash           Conj/Hex       38%          9%          3
 Spider Form              Tmut/Pois      9%           9%          3
 Summon Guardian Golem    Hex/Summ       19%          9%          3
 Tukima's Dance           Hex            19%          9%          3
 Passage of Golubria      Tloc           N/A          9%          4
 Ice Form                 Ice/Tmut       19%          30%         4
 Summon Ice Beast         Ice/Summ       19%          30%         4
 Summon Lightning Spire   Summ/Air       19%          30%         4
 Blade Hands              Tmut           9%           63%         5


Dungeon Overview and Level Annotations

Branches:
Dungeon (8/15)             Temple (0/1) D:6         Ossuary (visited)
   Lair: D:8-11

Altars:
Ashenzari
Elyvilon
Okawaru
Qazlal
Ru
Sif Muna
Uskayaw
Wu Jian

Shops:
D:7 :

Annotations:
D:4 Blork the orc
D:7 Maurice


Innate Abilities, Weirdness & Mutations

Your experience applies equally to all skills.
You have very sharp teeth.
Your uncanny sense of smell can sniff out nearby items.


Message History

Maurice puts on a burst of speed!
You closely miss Maurice.
Maurice zaps a wand.
The bolt of acid hits you!
You are splashed with acid!
You slash Maurice!
Maurice is lightly wounded.
Maurice closely misses you.
You hit Maurice but do no damage.
Maurice is lightly wounded.
Maurice hits you with a +3 short sword of draining.
Maurice steals 46 gold pieces!
You now have 0 gold pieces.
You feel drained.
You barely miss Maurice.
Maurice is lightly wounded.
Maurice zaps a wand.
The bolt of acid hits you!!
* * * LOW HITPOINT WARNING * * *
You are splashed with acid!
* * * LOW HITPOINT WARNING * * *
You feel better.
Maurice zaps a wand.
The bolt of acid hits you!
* * * LOW HITPOINT WARNING * * *
The acid corrodes you!
You are splashed with acid!
You die...

#.............#########......
#.##########.................
#.# #..#########..####
#.##########..# ###......
#.............# #....####
############.##### #.#.##
###.###.####.#.##
#...@...##......####
#.#@................
######.###.#.##.#....####
#...............<^.......
######.###.#.#..##+####..
#......# #.#.#...........
#...#### #.#.#...........
#...# #.#.#........... #...#
#.#.#......[.∩..
#...######.#.#...........


You could see Maurice (swift).

Vanquished Creatures
  Sigmund (D:4)
  2 orc warriors
  An eye of draining (D:6)
  3 ogres
  A black bear (D:7)
  2 centaurs
  2 bullfrogs (D:7)
  5 water moccasin zombies (Ossuary)
  A scorpion (D:8)
  10 wights (D:7)
  A howler monkey (D:6)
  4 hounds
  A centaur skeleton (D:4)
  4 orc priests
  A jelly (D:5)
  2 worker ants (D:7)
  6 big kobold zombies (Ossuary)
  A hound skeleton (D:5)
  2 mummies (Ossuary)
  A worker ant zombie (D:6)
  9 adders
  3 shadow imps
  A white imp (D:7)
  An ufetubus (D:7)
  An ooze (D:3)
  7 adder zombies (Ossuary)
  A dart slug (D:3)
  2 leopard geckos
  23 orcs
  2 giant cockroaches
  5 goblins
  7 hobgoblins
  A quokka (D:3)
  7 bats
  3 frilled lizards
  5 gnoll zombies (Ossuary)
  7 hobgoblin zombies (Ossuary)
  12 kobolds
  5 kobold zombies (Ossuary)
  3 orc zombies (Ossuary)
  24 rats
180 creatures vanquished.

Vanquished Creatures (others)
  2 plants (D:8)
2 creatures vanquished.

Grand Total: 182 creatures vanquished

Notes
Turn   | Place    | Note
-------+----------+-------------------------------------------
     0 | D:1      | jlumianski the Gnoll Warper began the quest for the Orb.
     0 | D:1      | Reached XP level 1. HP: 20/20 MP: 6/6
   410 | D:1      | Reached XP level 2. HP: 22/26 MP: 7/7
   431 | D:1      | Learned a level 2 spell: Blink
   877 | D:2      | Found a stormy altar of Qazlal.
   905 | D:2      | Reached XP level 3. HP: 30/31 MP: 9/9
   981 | D:2      | Reached skill level 5 in Spellcasting
   985 | D:2      | Learned a level 3 spell: Gell's Gravitas
  1016 | D:1      | Reached skill level 1 in Invocations
  1359 | D:3      | Reached skill level 1 in Short Blades
  1359 | D:3      | Reached skill level 1 in Long Blades
  1359 | D:3      | Reached skill level 1 in Maces & Flails
  1359 | D:3      | Reached skill level 1 in Polearms
  1359 | D:3      | Reached skill level 1 in Staves
  1359 | D:3      | Reached skill level 1 in Slings
  1359 | D:3      | Reached skill level 1 in Bows
  1359 | D:3      | Reached skill level 1 in Crossbows
  1359 | D:3      | Reached skill level 1 in Stealth
  1359 | D:3      | Reached skill level 1 in Shields
  1359 | D:3      | Reached skill level 1 in Unarmed Combat
  1359 | D:3      | Reached skill level 1 in Evocations
  1598 | D:3      | Reached XP level 4. HP: 38/38 MP: 11/11
  1974 | D:4      | Reached skill level 1 in Conjurations
  1974 | D:4      | Reached skill level 1 in Hexes
  1974 | D:4      | Reached skill level 1 in Summonings
  1974 | D:4      | Reached skill level 1 in Necromancy
  1974 | D:4      | Reached skill level 1 in Transmutations
  1974 | D:4      | Reached skill level 1 in Fire Magic
  1974 | D:4      | Reached skill level 1 in Ice Magic
  1974 | D:4      | Reached skill level 1 in Air Magic
  1974 | D:4      | Reached skill level 1 in Earth Magic
  1974 | D:4      | Reached skill level 1 in Poison Magic
  2264 | D:4      | Found a sand-covered staircase.
  2274 | Ossuary  | Entered an ossuary
  2289 | Ossuary  | Reached XP level 5. HP: 37/43 MP: 12/12
  2437 | Ossuary  | Reached XP level 6. HP: 21/50 MP: 3/13
  2689 | Ossuary  | Reached skill level 5 in Fighting
  2689 | Ossuary  | Reached skill level 5 in Axes
  2689 | Ossuary  | Reached skill level 5 in Dodging
  2929 | Ossuary  | Reached XP level 7. HP: 35/56 MP: 4/15
  3501 | D:4      | Noticed Blork the orc
  3603 | D:3      | Found a sacrificial altar of Ru.
  3615 | D:3      | Found an ornate altar of the Wu Jian Council.
  4415 | D:4      | Found a hide-covered altar of Uskayaw.
  4471 | D:4      | Noticed Sigmund
  4501 | D:4      | Killed Sigmund
  5075 | D:4      | Reached XP level 8. HP: 63/63 MP: 13/16
  5268 | D:5      | Entered Level 5 of the Dungeon
  6524 | D:6      | Learned a level 1 spell: Corona
  6527 | D:6      | Learned a level 2 spell: Ensorcelled Hibernation
  6869 | D:6      | Found a staircase to the Ecumenical Temple.
  6995 | D:6      | Found a shimmering blue altar of Sif Muna.
  7060 | D:6      | Learned a level 2 spell: Wereblood
  7134 | D:6      | Found an iron altar of Okawaru.
  7142 | D:6      | Became a worshipper of Warmaster Okawaru
  7317 | D:7      | Reached XP level 9. HP: 57/69 MP: 9/18
  7804 | D:7      | Found a white marble altar of Elyvilon.
  7816 | D:7      | Reached skill level 5 in Throwing
  7816 | D:7      | Reached skill level 5 in Armour
  8069 | D:7      | Found a sacrificial altar of Ru.
  8206 | D:7      | Found a broken altar of Ashenzari.
  8276 | D:7      | Reached * piety under Okawaru
  8483 | D:7      | Found Osost's Book Shop.
  8873 | D:7      | Bought a book of Callings for 390 gold pieces
  8904 | D:8      | Noticed Maurice
  9003 | D:7      | HP: 2/68 [Maurice/bolt of acid (12)]
  9003 | D:7      | Splashed by Maurice's acid

Illustrated notes

Levels and vault maps discovered:
D:1:      saegor_arrival_simple_d, layout_rooms, st_stairs_3
D:2:      layout_loops_ring, general_overflow_altar
D:3:      layout_loops_ring, amethyst_overflow_temple_binary, minmay_rat_hole
D:4:      layout_layer_cave, nicolae_overflow_hidden_temple,
          nicolae_ossuary_entry_monument, eino_curves_01, uniq_sigmund,
          uniq_blork_the_orc
D:5:      layout_basic, chequers_serial_rivers_room_b, lemuel_flamethrower_2
D:6:      layout_cave_pools, marbit_many_paths, minmay_temple_entry_sparse_star,
          basic_altar, serial_column_ruins, column_ruins_hut,
          column_ruins_hut_pillars, column_ruins_columns_straight,
          column_ruins_corridor_straight, column_ruins_open_tiny,
          column_ruins_columns_straight, column_ruins_open_medium
D:7:      layout_basic, nicolae_overflow_crystal_walls, old_standard_altar,
          serial_shops, shop, nicolae_ru_sacrificial_ziggurat
D:8:      layout_basic, nzn_hepliaklqana_mist_gate,
          grunt_lair_entry_orc_guard_hut, serial_shops, shop,
          minmay_increasing_density, uniq_maurice

Skill      XL: |  1  2  3  4  5  6  7  8  9 |
---------------+----------------------------+-----
Spellcasting   | 5 6 |  6.7
Invocations    | 1 2 3 4 |  4.8
Short Blades   | 1 2 3 4 |  4.4
Long Blades    | 1 2 3 4 |  4.4
Maces & Flails | 1 2 3 4 |  4.4
Polearms       | 1 2 3 4 |  4.4
Staves         | 1 2 3 4 |  4.4
Slings         | 1 2 3 4 |  4.4
Bows           | 1 2 3 4 |  4.4
Crossbows      | 1 2 3 4 |  4.4
Stealth        | 1 2 3 4 |  4.4
Shields        | 1 2 3 4 |  4.4
Unarmed Combat | 1 2 3 4 |  4.4
Evocations     | 1 2 3 4 |  4.4
Conjurations   | 1 2 3 |  3.6
Hexes          | 1 2 3 |  3.6
Summonings     | 1 2 3 |  3.6
Necromancy     | 1 2 3 |  3.6
Transmutations | 1 2 3 |  3.6
Fire Magic     | 1 2 3 |  3.6
Ice Magic      | 1 2 3 |  3.6
Air Magic      | 1 2 3 |  3.6
Earth Magic    | 1 2 3 |  3.6
Poison Magic   | 1 2 3 |  3.6
Throwing       | 3 4 5 |  5.2
Armour         | 3 4 5 |  5.2
Fighting       | 5 6 |  6.4
Axes           | 5 6 |  6.4
Dodging        | 5 6 |  6.4
Translocations | 6 |  6.6

Action                   |  1- 3 |  4- 6 |  7- 9 || total
-------------------------+-------+-------+-------++-------
Melee: Hand axe          |   107 |   151 |    87 ||   345
       Bite              |     6 |    23 |    42 ||    71
       Punch             |       |     3 |     2 ||     5
       Battleaxe         |       |       |   257 ||   257
       Dagger            |       |       |     4 ||     4
Throw: Stone             |    16 |     3 |       ||    19
       Dart              |       |       |    20 ||    20
       Boomerang         |       |       |    12 ||    12
 Cast: Blink             |     1 |       |     4 ||     5
       Gell's Gravitas   |       |    19 |    13 ||    32
       Wereblood         |       |       |     2 ||     2
       Corona            |       |       |     1 ||     1
Invok: Heroism           |       |       |     1 ||     1
  Use: Scroll            |     3 |       |     5 ||     8
       Potion            |     1 |       |     4 ||     5
 Stab: Sleeping          |       |       |     6 ||     6
Armor: Leather armour    |    30 |    19 |    84 ||   133
Dodge: Dodged            |    98 |   114 |   328 ||   540
